 Dungeon Crawl Stone Soup version 0.30-a0-1123-gabc949cf19 (webtiles) character file.

Game seed: 15862606937518962671

654434 olmar the Armataur Barricade (level 26, 0/237 (298) HPs)
             Began as an Armataur Fighter on Apr 17, 2023.
             Was an Initiate of Gozag.
             Slain by a titan simulacrum (6 damage)
             ... on level 6 of Cocytus on Apr 22, 2023.
             The game lasted 02:27:38 (71819 turns).

olmar the Armataur Barricade (Armataur Fighter)    Turns: 71819, Time: 02:27:39

HP:   0/237 (298)   AC: 56    Str: 37 (39) XL:     26   Next: 85%
MP:   20/20         EV:  1    Int:  9      God:    Gozag
Gold: 2787          SH: 16    Dex:  6      Spells: 25/25 levels left

rFire   + . .        w - +8 whip "Snakebite" {venom, curare, rPois}
rCold   + + +        Z - +0 kite shield {AC+3}
rNeg    + + +        b - +10 plate armour "Oquse" {rCorr Int+3 Slay+3}
rPois   +            s - +2 helmet of Absence {rC++ rN++ Dex-2}
rElec   +            L - scarf {shadows}
rCorr   +            e - +2 pair of gloves {hurl}
SInv    .            B - +6 lightning scales {swift, rElec}
Will    ++...        Q - necklace of Bloodlust {Fury *Rage Will++ Int-3 Slay+6} Stlth
                     g - ring of Sif Muna's Generosity {Will+ Str+6}
HPRegen 0.59/turn    W - ring of Feucuwif {rElec rF+ rC+ rN+ Will+}
MPRegen 0.17/turn

%: random rage (53%), roll
@: weak-willed, petrifying, engulfed (cannot breathe), on berserk cooldown,
hasted and slowed, constricted, studying 3 skills, heavily drained, unable to
drink, very slow
A: large, rugged brown scales 3, deformed body, armoured tail, roll, long
tongue, awkward tongue, hooves 1, stinger 2, berserk 1, clumsy 1, deterioration
2, low MP 1, robust 1, inability to read after injury 1
}: 5/15 runes: decaying, slimy, silver, abyssal, gossamer
a: Renounce Religion, Potion Petition, Call Merchant, Bribe Branch


You were on level 6 of Cocytus.
You worshipped Gozag.
Gozag was most pleased with you.
You visited 13 branches of the dungeon, and saw 58 of its levels.
You visited the Abyss 1 time.
You also visited: Trove and Ice Cave.

You collected 30013 gold pieces.
You spent 7337 gold pieces at shops.
You paid 19889 gold pieces to Gozag.

Inventory:

Hand Weapons
 q - the +9 whip of the Peculiar Tales {elec, Str+6 Dex+3 Stlth-}
   (You found it on level 2 of the Dungeon)

   Str:       It affects your strength (+6).
   Dex:       It affects your dexterity (+3).
   Stlth:     It makes you less stealthy.
 w - the +8 whip "Snakebite" (weapon) {venom, curare, rPois}
   (You bought it in a shop on level 3 of the Elven Halls)

   rPois:     It protects you from poison.
Missiles
 A - a throwing net
Armour
 b - the +10 plate armour "Oquse" (worn) {rCorr Int+3 Slay+3}
   (You bought it in a shop on level 4 of the Lair of Beasts)

   Int:       It affects your intelligence (+3).
   Slay:      It affects your accuracy & damage with ranged weapons and melee
   (+3).
   rCorr:     It protects you from acid and corrosion.
 e - a +2 pair of gloves of hurling (worn)
 s - the +2 helmet of Absence (worn) {rC++ rN++ Dex-2}
   (You found it in a treasure trove)

   Dex:       It affects your dexterity (-2).
   rC:        It greatly protects you from cold.
   rN:        It greatly protects you from negative energy.
 x - the +6 barding "Viumaj" {rElec rF- Str+6 Dex+2}
   (You found it in a treasure trove)

   Str:       It affects your strength (+6).
   Dex:       It affects your dexterity (+2).
   rF:        It makes you vulnerable to fire.
   rElec:     It insulates you from electricity.
 B - the +6 lightning scales (worn) {swift, rElec}
   (You bought it in a shop on level 14 of the Dungeon)

   Swift:     It allows the wearer to cover ground more swiftly.
   rElec:     It insulates you from electricity.
 C - a scarf of resistance
 L - a scarf of shadows (worn)
 Z - a +0 kite shield of protection (worn)
Jewellery
 g - the ring of Sif Muna's Generosity (left hand) {Will+ Str+6}
   (You took it off a vault guard on level 1 of the Vaults)

   [ring of strength]

   Str:       It affects your strength (+6).
   Will:      It increases your willpower.
 t - the ring of Uqewanne {rPois rC+ rN+ Str+4}
   (You found it on level 5 of the Pits of Slime)

   [ring of protection from cold]

   Str:       It affects your strength (+4).
   rC:        It protects you from cold.
   rPois:     It protects you from poison.
   rN:        It protects you from negative energy.
 u - a ring of Kuqaill {rN+ rCorr Dex+3}
   (You bought it in a shop on level 3 of the Depths)

   [ring of resist corrosion]

   Dex:       It affects your dexterity (+3).
   rN:        It protects you from negative energy.
   rCorr:     It protects you from acid and corrosion.
 Q - the necklace of Bloodlust (around neck) {Fury *Rage Will++ Int-3 Slay+6}
   (You took it off a deep elf death mage on level 3 of the Elven Halls)

   [amulet of nothing]

   Fury:      It extends the wearer's berserk rage when killing foes.
   Int:       It affects your intelligence (-3).
   Slay:      It affects your accuracy & damage with ranged weapons and melee
   (+6).
   *Rage:     It berserks you when you make melee attacks (+50% chance).
   Will:      It greatly increases your willpower.
 S - the amulet of the Equinox {Reflect rC+ Str+3 SH+5}
   (You bought it in a shop on level 3 of the Lair of Beasts)

   [amulet of reflection]

   It reflects blocked missile attacks.
   Str:       It affects your strength (+3).
   rC:        It protects you from cold.
   SH:        It affects your SH (+5).
 W - the ring of Feucuwif (right hand) {rElec rF+ rC+ rN+ Will+}
   (You acquired it on level 2 of the Lair of Beasts)

   [ring of positive energy]

   rF:        It protects you from fire.
   rC:        It protects you from cold.
   rElec:     It insulates you from electricity.
   rN:        It protects you from negative energy.
   Will:      It increases your willpower.
Wands
 a - a wand of flame (110)
 d - a wand of polymorph (17)
 f - a wand of roots (71)
 i - a wand of mindburst (22)
 k - a wand of quicksilver (51)
 n - a wand of charming (41)
 p - a wand of digging (26)
Scrolls
 c - 2 scrolls of brand weapon
 j - 7 scrolls of poison
 l - 6 scrolls of teleportation
 m - 14 scrolls of enchant weapon
 y - 11 scrolls of enchant armour
 K - 7 scrolls of magic mapping
 M - 4 scrolls of silence
 R - a scroll of butterflies
 U - 9 scrolls of blinking
 V - 3 scrolls of fog
Potions
 h - 5 potions of mutation
 z - 4 potions of flight
 D - 4 potions of berserk rage
 F - 19 potions of curing
 H - 2 potions of lignification
 I - 7 potions of heal wounds
 J - 2 potions of might
 N - 7 potions of haste
 O - 4 potions of cancellation
 P - 2 potions of resistance
 T - 8 potions of invisibility
 Y - 10 potions of ambrosia
Miscellaneous
 o - a condenser vane
 r - the horn of Geryon
 E - a lightning rod (4/4)
 X - a box of beasts


   Skills:
 + Level 24.3 Fighting
 + Level 22.2 Maces & Flails
 + Level 1.1 Throwing
 O Level 27 Armour
 + Level 6.6 Dodging
 O Level 27 Shields
 + Level 8.1 Evocations


You had 25 spell levels left.
You didn't know any spells.
Your spell library contained the following spells:

 Spells                   Type           Power      Damage    Failure   Level
 Apportation              Tloc           0%         N/A       67%         1
 Beastly Appendage        Tmut           0%         N/A       67%         1
 Freeze                   Ice            0%         1d3       67%         1
 Kiss of Death            Conj/Necr      0%         2d5       67%         1
 Necrotise                Necr           0%         1d4       67%         1
 Sandblast                Erth           0%         2d4       67%         1
 Slow                     Hex            0%         N/A       67%         1
 Summon Small Mammal      Summ           0%         N/A       67%         1
 Blink                    Tloc           0%         N/A       80%         2
 Call Imp                 Summ           0%         N/A       80%         2
 Cigotuvi's Dreadful Rot  Necr/Pois/Air  0%         N/A       80%         2
 Ensorcelled Hibernation  Hex/Ice        0%         N/A       80%         2
 Passwall                 Tmut/Erth      0%         N/A       80%         2
 Scorch                   Fire           0%         2d5       80%         2
 Sublimation of Blood     Necr           0%         N/A       80%         2
 Wereblood                Tmut           0%         N/A       80%         2
 Confusing Touch          Hex            0%         N/A       95%         3
 Dazzling Flash           Conj/Hex       0%         N/A       95%         3
 Frozen Ramparts          Ice            0%         1d1       95%         3
 Hailstorm                Conj/Ice       0%         3d3       95%         3
 Ignite Poison            Fire/Tmut/Pois 0%         N/A       95%         3
 Mephitic Cloud           Conj/Pois/Air  0%         N/A       95%         3
 Ozocubu's Armour         Ice            0%         N/A       95%         3
 Spider Form              Tmut/Pois      0%         N/A       95%         3
 Stone Arrow              Conj/Erth      0%         3d7       95%         3
 Summon Guardian Golem    Hex/Summ       0%         N/A       95%         3
 Swiftness                Air            0%         N/A       95%         3
 Vampiric Draining        Necr           0%         2d6       95%         3
 Vhi's Electric Charge    Tloc/Air       0%         N/A       95%         3
 Volatile Blastmotes      Fire/Tloc      0%         2d10      95%         3
 Anguish                  Hex/Necr       0%         N/A       100%        4
 Animate Armour           Summ/Erth      0%         N/A       100%        4
 Cause Fear               Hex            0%         N/A       100%        4
 Flame Wave               Conj/Fire      0%         2d4       100%        4
 Ice Form                 Ice/Tmut       0%         N/A       100%        4
 Iskenderun's Mystic Bla  Conj/Tloc      0%         2d3       100%        4
 Leda's Liquefaction      Hex/Erth       0%         N/A       100%        4
 Manifold Assault         Tloc           0%         N/A       100%        4
 Olgreb's Toxic Radiance  Pois           0%         N/A       100%        4
 Petrify                  Tmut/Erth      0%         N/A       100%        4
 Sticky Flame             Conj/Fire      0%         2d3       100%        4
 Summon Ice Beast         Ice/Summ       0%         N/A       100%        4
 Summon Lightning Spire   Summ/Air       0%         N/A       100%        4
 Agony                    Necr           0%         N/A       100%        5
 Alistair's Intoxication  Tmut/Pois      0%         N/A       100%        5
 Arcjolt                  Conj/Air       0%         1d10      100%        5
 Blade Hands              Tmut           0%         N/A       100%        5
 Borgnjor's Vile Clutch   Necr/Erth      0%         N/A       100%        5
 Freezing Cloud           Conj/Ice/Air   0%         6-21      100%        5
 Irradiate                Conj/Tmut      0%         3d11      100%        5
 Iskenderun's Battlesphe  Conj           0%         2d6       100%        5
 Lee's Rapid Deconstruct  Erth           0%         3d4*      100%        5
 Metabolic Englaciation   Hex/Ice        0%         N/A       100%        5
 Silence                  Hex/Air        0%         N/A       100%        5
 Summon Forest            Summ/Tloc      0%         N/A       100%        5
 Summon Mana Viper        Hex/Summ       0%         N/A       100%        5
 Yara's Violent Unravell  Hex/Tmut       0%         3d3       100%        5
 Dispersal                Tloc           0%         N/A       100%        6
 Eringya's Noxious Bog    Tmut/Pois      0%         N/A       100%        6
 Iron Shot                Conj/Erth      0%         9d1       100%        6
 Starburst                Conj/Fire      0%         6d3       100%        6
 Statue Form              Tmut/Erth      0%         N/A       100%        6
 Summon Cactus Giant      Summ           0%         N/A       100%        6
 Dragon Form              Tmut           0%         N/A       100%        7
 Enfeeble                 Hex            0%         N/A       100%        7
 Monstrous Menagerie      Summ           0%         N/A       100%        7
 Ozocubu's Refrigeration  Ice            0%         4d7       100%        7
 Spellforged Servitor     Conj/Summ      0%         N/A       100%        7
 Storm Form               Tmut/Air       0%         N/A       100%        7
 Summon Hydra             Summ           0%         N/A       100%        7
 Discord                  Hex            0%         N/A       100%        8
 Disjunction              Tloc           0%         N/A       100%        8
 Ignition                 Fire           0%         3d3       100%        8
 Lehudib's Crystal Spear  Conj/Erth      0%         10d2      100%        8
 Maxwell's Capacitive Co  Air            0%         ∞         100%        8
 Death's Door             Necr           0%         N/A       100%        9
 Dragon's Call            Summ           0%         N/A       100%        9
 Simulacrum               Ice/Necr       Unusable   N/A       N/A         6

Dungeon Overview and Level Annotations

Branches:
Dungeon (15/15)            Temple (1/1) D:4            Lair (5/5) D:10
  Swamp (4/4) Lair:3       Spider (4/4) Lair:3        Slime (5/5) Lair:5
    Orc (2/2) D:9             Elf (3/3) Orc:2        Vaults (5/5) D:13
  Crypt (0/3) Vaults:2     Depths (4/4) D:15           Hell (visited)
    Dis (0/7) Hell            Geh (0/7) Hell            Coc (6/7) Hell
    Tar (0/7) Hell            Zot (5/5) Depths:4      IceCv (visited)

Altars:
Ashenzari
Cheibriados
Dithmenos
Elyvilon
Fedhas
Gozag
Hepliaklqana
Kikubaaqudgha
Makhleb
Nemelex Xobeh
Okawaru
Qazlal
Ru
Sif Muna
Trog
Uskayaw
Vehumet
Wu Jian
Xom
Yredelemnul
Zin
The Shining One
Jiyva

Shops:
D:4 *   D:8 ?   D:13 *=(   D:14 [   Orc:2 *([:   Elf:3 (   Lair:3 (=   Lair:4 [
Vaults:4 ![=   Depths:1 [:=:   Depths:3 =

Portals:
Hell: Depths:2 Depths:3 Depths:4
Abyss: Depths:3
Pandemonium: Depths:2
Ziggurat: Depths:2

Annotations:
Vaults:4 2 transporters, exclusion: orange crystal statue


Innate Abilities, Weirdness & Mutations

You are completely covered in rugged brown scales. (AC +3, +7% HP)
Armour fits poorly on your strangely shaped body.
You have a long armoured tail.
You roll when moving toward enemies. (Rampage)
Your long tongue fully drains potion bottles. (2x potion effects)
Your tongue gives you trouble enunciating. (1.5x scroll delay)
You have large cloven feet.
Your tail ends in a sharp venomous barb.
You sometimes lose your temper in combat.
You are clumsy. (Dex -2)
Your body often deteriorates upon taking damage.
Your magical capacity is low. (-10% MP)
You are robust. (+10% HP)
You occasionally lose the ability to read scrolls when taking damage.


Message History

Okay, then.
You whack the Ice Fiend! You kick the Ice Fiend.
The Ice Fiend is severely wounded.
* * * LOW HITPOINT WARNING * * *
Your lungs strain for air!
The juggernaut simulacrum is no longer distracted by gold.
You block the shard shrike simulacrum's attack. x2
The Ice Fiend claws you!
* * * LOW HITPOINT WARNING * * *
The Ice Fiend freezes you. You resist.
* * * LOW HITPOINT WARNING * * *
The Ice Fiend claws you but does no damage.
The shard shrike simulacrum claws you but does no damage.
The anaconda simulacrum bites you but does no damage.
The anaconda simulacrum constricts you.
The shard shrike simulacrum claws you but does no damage.
You are slowing down.
Unknown command.
Unknown command.
You thrash the Ice Fiend!! You kick the Ice Fiend.
Your tail-slap misses the Ice Fiend.
The Ice Fiend is almost dead.
* * * LOW HITPOINT WARNING * * *
Your lungs strain for air!
The shard shrike simulacrum claws you but does no damage. x2
The juggernaut simulacrum splashes around in the water.
The juggernaut simulacrum hits you but does no damage.
The tormentor calls on the powers of darkness!
Your body is wracked with pain!
* * * LOW HITPOINT WARNING * * *
The anaconda simulacrum bites you but does no damage.
The anaconda simulacrum constricts you. You block the water elemental's attack.
The shard shrike simulacrum claws you.
The shard shrike simulacrum freezes you!
You resist.
* * * LOW HITPOINT WARNING * * *
You block the shard shrike simulacrum's attack.
The titan simulacrum hits you!
You die...
Your body crumbles into a pile of gold.

.≈≈..#####..≈
..~≈.......≈≈
#.≈~.......≈≈
#..≈~2....≈≈≈
#..≈≈2≈≈≈≈≈≈≈
##.ZZZR≈≈≈≈≈≈
##>2ZZ9ZE...≈≈
#..~EE@ZE~..≈≈
...≈≈Z1ZE~..≈≈
.≈≈≈≈EEE~~..≈≈
≈≈≈.≈≈≈.~...≈≈
.....≈≈≈~..~≈≈
...#..≈~~~.≈~~
#####.~~≈≈≈≈≈≈
##..≈≈≈≈≈≈


You could see an Ice Fiend (very poisoned), a wendigo, 2 elemental wellsprings,
a nargun, 6 water elementals, 2 hellions, a tormentor, an anaconda simulacrum,
an ettin simulacrum, a titan simulacrum, a caustic shrike simulacrum, 2 shard
shrike simulacra and 3 juggernaut simulacra.

Vanquished Creatures
  the Royal Jelly (Slime:5)
  3 dread liches (Vaults:5)
  2 orbs of fire (Zot:1)
  An ancient lich (Abyss:1)
  2 juggernauts
  Sojobo (Depths:2)
  Bai Suzhen (Spider:4)
  3 shard shrikes (Coc:3)
  Vv (Depths:4)
  5 caustic shrikes (Depths:4)
  Geryon (Hell)
  2 curse toes (Zot:2)
  5 golden dragons
  Nikola (Vaults:1)
  A bone dragon (Swamp:4)
  Jory (Vaults:3)
  Arachne (Spider:3)
  Jorgrun (Swamp:1)
  10 tentacled monstrosities
  An electric golem (Zot:1)
  A lich (Depths:1)
  2 Ice Fiends
  A walking crystal tome (Depths:4)
  A tainted leviathan (Hell)
  2 walking frostbound tomes
  A walking divine tome (Depths:2)
  Asterion (Vaults:1)
  9 quicksilver dragons
  9 titans
  2 deep elf master archers (Elf:3)
  7 Orb Guardians (Zot:5)
  11 acid blobs (Slime:5)
  2 deep elf blademasters
  Murray (Hell)
  7 sphinxes
  7 death cobs
  3 thorn hunters
  17 storm dragons
  Roxanne (Swamp:1)
  9 shadow dragons
  9 tengu reavers
  Donald (Swamp:1)
  6 azure jellies (Slime:5)
  A draconian monk (Zot:5)
  An azure jelly (shapeshifter) (Vaults:1)
  11 fire giants
  10 frost giants
  A rockslime (Slime:5)
  8 emperor scorpions
  2 iron dragons (Hell)
  A fenstrider witch (shapeshifter) (Vaults:5)
  A nargun (Coc:2)
  6 deep elf sorcerers
  Louise (Spider:4)
  6 ghost moths
  23 vault wardens
  A shard shrike simulacrum (Coc:3)
  A balrug (Depths:1)
  6 orc warlords
  3 draconian scorchers
  2 draconian knights (Zot:1)
  Aizul (Swamp:3)
  6 deep elf elementalists (Elf:3)
  5 draconian shifters
  2 draconian stormcallers (Zot:4)
  3 broodmothers
  A spriggan defender (Depths:1)
  23 very ugly things
  4 ghouls (Swamp:2)
  6 war gargoyles
  9 draconian annihilators
  14 ironbound preservers
  9 quicksilver oozes
  20 stone giants
  8 green draconians
  3 ironbound thunderhulks
  5 putrid mouths
  A reaper (Hell)
  2 lorocyprocas
  9 deep elf annihilators
  2 elemental wellsprings
  4 vampire knights
  An eleionoma (Swamp:2)
  5 deep elf demonologists (Elf:3)
  12 black draconians
  7 dire elephants
  14 yellow draconians
  2 wendigos
  A starcursed mass (Abyss:1)
  7 spark wasps
  6 purple draconians
  8 red draconians
  7 bunyips
  Snorg (D:10)
  8 white draconians
  A green death (Depths:2)
  2 crystal guardians
  13 fire dragons
  14 ettins
  11 deep elf death magi
  3 blizzard demons
  3 entropy weavers
  A shambling mangrove (Swamp:3)
  A merfolk impaler (Depths:2)
  14 yaktaur captains
  11 deep elf high priests
  9 great orbs of eyes
  Fannar (D:11)
  47 vault guards
  4 peacekeepers
  A radroach (Spider:2)
  4 caustic shrike simulacra
  5 ice dragons
  8 hydras
  A catoblepas (Lair:2)
  4 rakshasas
  5 ogre magi
  6 ghost crabs
  A hell beast (Hell)
  2 spriggan air magi
  3 boulder beetles
  9 centaur warriors
  6 alligators
  4 ironbound frosthearts
  A two-headed ogre (D:9)
  8 deep troll shamans
  2 vampire magi
  6 death yaks
  2 tengu warriors
  Urug (D:10)
  30 dancing weapons
  2 spriggan berserkers
  4 orc high priests
  6 deep troll earth magi
  A thrashing horror (Abyss:1)
  The ghost of relicbr the Nimble, a journeyman SpDe of Dithmenos (D:9)
  Sonja (Orc:2)
  6 sun demons
  11 hell knights
  4 wretched stars
  10 iron trolls
  4 soul eaters
  12 deep elf knights
  7 pharaoh ants
  2 shadow wraiths (Vaults:5)
  A fire crab (Lair:5)
  2 sun moths
  A fire crab (shapeshifter) (D:13)
  A sixfirhy (Abyss:3)
  2 skysharks (Lair:2)
  7 goliath frogs
  13 skeletal warriors
  2 flayed ghosts
  4 spectral hydras (Swamp:4)
  4 swamp dragons
  6 orb spiders
  6 quicksilver dragon simulacra
  5 glowing orange brains
  A spriggan simulacrum (Coc:2)
  51 deep trolls
  5 bog bodies
  3 spriggan druids
  8 wizards
  Lodul (D:13)
  16 deep elf archers
  A lindwurm (shapeshifter) (Depths:3)
  12 orc knights
  5 phantasmal warriors
  3 harpies (Vaults:1)
  26 deep elf pyromancers
  10 lindwurms
  14 ironbound convokers
  A fenstrider witch simulacrum (Coc:1)
  7 necromancers
  A human zombie (Vaults:4)
  29 ugly things
  29 deep elf zephyrmancers
  2 will-o-the-wisps
  8 cyclopes
  6 orc sorcerers
  A cyclops (shapeshifter) (Depths:3)
  19 wolf spiders
  3 shining eyes (Slime:5)
  A sphinx skeleton (Vaults:4)
  24 moths of wrath
  6 manticores
  A worldbinder (Abyss:3)
  An apocalypse crab (Abyss:3)
  30 elephants
  3 ice statues (IceCv)
  8 rust devils
  4 black mambas
  2 gargoyles
  10 vault sentinels
  2 titan simulacra
  5 torpor snails
  10 smoke demons
  An eye of devastation (shapeshifter) (Vaults:5)
  16 cane toads
  5 demonic crawlers
  4 hellions
  An eye of devastation (Slime:5)
  7 molten gargoyles
  Maggie (D:10)
  9 unseen horrors
  2 kobold demonologists (D:13)
  2 rime drakes
  5 swamp worm zombies (Swamp:4)
  An unseen horror (shapeshifter) (Vaults:1)
  3 freezing wraiths
  27 yaktaurs
  An ice devil (Depths:4)
  An efreet (Abyss:1)
  6 komodo dragons
  A bunyip simulacrum (Coc:2)
  A tengu conjurer (D:14)
  2 ancient zymes
  3 anaconda simulacra
  An iron giant simulacrum (Hell)
  4 hydra zombies (Swamp:4)
  A golden dragon simulacrum (Coc:3)
  2 hellwings (Depths:2)
  10 trolls
  2 bloated husks
  9 meliai
  A queen bee (Abyss:3)
  3 polar bears
  27 hornets
  A hornet (shapeshifter) (D:13)
  A tyrant leech (Swamp:3)
  15 blink frogs
  6 dream sheep (Lair:4)
  A tarantella (shapeshifter) (D:15)
  11 large abominations
  4 raiju (Abyss:1)
  70 slime creatures
  3 spectral swamp dragons (Swamp:4)
  3 alligator zombies (Swamp:4)
  19 tarantellas
  18 jumping spiders
  4 air elementals (Elf:1)
  23 culicivoras
  2 ynoxinuls (Abyss:3)
  2 wraiths
  4 wyverns
  2 centaur simulacra
  7 spriggans
  54 yaks
  A vampire (D:11)
  3 dire elephant simulacra
  A fire elemental (Elf:1)
  A water elemental (Elf:1)
  4 alligator snapping turtle simulacra (Coc:2)
  A death yak simulacrum (IceCv)
  4 neqoxecs
  6 basilisks
  4 chaos spawn
  3 steam dragons
  12 golden eyes
  A golden eye (shapeshifter) (Elf:1)
  39 redbacks
  4 vampire mosquitoes (D:10)
  14 swamp worms
  4 harpy simulacra
  9 wargs
  An ogre zombie (Vaults:4)
  A hydra simulacrum (Hell)
  6 small abominations
  19 water moccasins
  2 floating eyes
  9 hell hounds
  A swamp drake (Swamp:4)
  34 orc warriors
  A sky beast (D:7)
  3 ettin simulacra
  3 black bears
  An ice beast (D:6)
  14 ogres
  3 swamp dragon zombies (Swamp:4)
  A boggart (D:12)
  6 centaurs
  8 wolves
  3 phantoms (Swamp:4)
  An elf simulacrum (Vaults:4)
  2 kobold brigands (D:10)
  3 gnoll sergeants
  16 bullfrogs
  2 earth elementals
  A naga simulacrum (Coc:2)
  2 cane toad simulacra (IceCv)
  5 scorpions
  3 wights (D:9)
  8 killer bees
  3 electric eels
  12 howler monkeys
  5 lava snakes (Lair:5)
  A quasit (D:5)
  A jelly (D:5)
  21 orc priests
  3 hounds
  A gnoll bouda (D:5)
  An iron imp (Abyss:1)
  A sleepcap (D:7)
  24 orc wizards
  7 iguanas
  A spectral swamp drake (Swamp:4)
  A polar bear simulacrum (IceCv)
  2 wolf simulacra (IceCv)
  17 gnolls
  6 adders
  3 shadow imps
  7 white imps
  3 ufetubi
  2 dart slugs
  81 orcs
  6 ball pythons
  3 bats
  4 endoplasms
  4 giant cockroaches
  9 goblins
  4 hobgoblins
  2 jackals (D:1)
  17 kobolds
  4 quokkas
  4 frilled lizards
  9 rats
  A briar patch (Swamp:4)
  A lurking horror (Abyss:1)
2143 creatures vanquished.

Vanquished Creatures (collateral kills)
  A deep elf death mage (Vaults:5)
  A hydra (Swamp:4)
  An ironbound convoker (Vaults:5)
  A jumping spider (Spider:3)
  A spriggan (Swamp:4)
  2 swamp worms (Swamp:4)
  An orc (Vaults:5)
  A briar patch (Swamp:4)
9 creatures vanquished.

Vanquished Creatures (others)
  A lich (Depths:3)
  A shard shrike simulacrum (Coc:2)
  A very ugly thing (Depths:2)
  2 wendigos (Coc:2)
  A yaktaur captain (Vaults:1)
  A fire dragon (Depths:1)
  An alligator (Swamp:2)
  A spriggan druid (Swamp:4)
  A swamp dragon (Swamp:4)
  2 wizards (Vaults:2)
  A spriggan simulacrum (Coc:2)
  2 deep elf pyromancers (Elf:1)
  An ironbound convoker (Vaults:1)
  6 bloated husks
  2 tyrant leeches
  A hornet (Swamp:2)
  An alligator snapping turtle simulacrum (Coc:2)
  2 vampire mosquitoes (Swamp:4)
  3 phantoms (Swamp:4)
  An orc priest (Elf:2)
  An orc (Elf:2)
  A briar patch (Swamp:4)
  A bush (Lair:4)
  2 demonic plants (D:5)
  82 fungi
  119 plants
238 creatures vanquished.

Grand Total: 2390 creatures vanquished

Notes
Turn   | Place    | Note
-------+----------+-------------------------------------------
     0 | D:1      | olmar the Armataur Fighter began the quest for the Orb.
     0 | D:1      | Reached XP level 1. HP: 19/19 MP: 1/1
   154 | D:1      | Found a faded altar of an unknown god.
   211 | D:1      | Reached XP level 2. HP: 26/26 MP: 2/2
   818 | D:2      | Reached XP level 3. HP: 33/33 MP: 3/3
  1058 | D:2      | Got the Tome of Angles
  1201 | D:2      | Identified the +9 whip of the Peculiar Tales {elec, Str+6
                  | Dex+3 Stlth-}
  1367 | D:3      | Reached XP level 4. HP: 39/40 MP: 4/4
  1735 | D:3      | Found an ornate altar of the Wu Jian Council.
  1764 | D:4      | Reached XP level 5. HP: 31/48 MP: 5/5
  1826 | D:4      | Found a shadowy altar of Dithmenos.
  1880 | D:4      | Noticed an ogre
  1884 | D:4      | Killed an ogre
  1885 | D:4      | Reached skill level 5 in Armour
  1922 | D:4      | Reached XP level 6. HP: 54/54 MP: 6/6
  1988 | D:4      | Found a staircase to the Ecumenical Temple.
  2072 | Temple   | Entered the Ecumenical Temple
  2092 | Temple   | Became a worshipper of Gozag Ym Sagoz the Greedy
  2242 | D:4      | Found Keedatz's Assorted Antiques.
  2357 | D:5      | Entered Level 5 of the Dungeon
  2399 | D:5      | You fall into a shaft and drop 3 floors!
  2411 | D:8      | Found Jidia's Magic Scroll Shop.
  2421 | D:8      | Bought a scroll of enchant armour for 82 gold pieces
  2421 | D:8      | Bought a scroll of poison for 44 gold pieces
  2421 | D:8      | Bought a scroll of noise for 11 gold pieces
  2463 | D:8      | Reached XP level 7. HP: 46/62 MP: 7/7
  2710 | D:6      | Reached skill level 5 in Maces & Flails
  2860 | D:6      | Reached skill level 1 in Evocations
  2955 | D:6      | Reached skill level 5 in Shields
  2955 | D:6      | Reached XP level 8. HP: 65/70 MP: 8/8
  3197 | D:5      | Noticed a +0 hand axe
  3197 | D:5      | Noticed a +0 hand axe
  3221 | D:5      | Found a hide-covered altar of Uskayaw.
  4622 | D:6      | Found a snail-covered altar of Cheibriados.
  4622 | D:6      | Found a basalt altar of Yredelemnul.
  4893 | D:7      | Reached skill level 5 in Fighting
  4893 | D:7      | Reached XP level 9. HP: 68/79 MP: 9/9
  4967 | D:7      | Identified the +9 long sword of Wis Xiwna {elec, rElec
                  | Int+3 Dex+2}
  6147 | D:8      | Found an iron altar of Okawaru.
  6689 | D:9      | Reached XP level 10. HP: 61/89 MP: 10/10
  6691 | D:9      | Reached skill level 10 in Armour
  6840 | D:9      | Found a runed translucent gate.
  6840 | D:9      | Found a runed translucent gate.
  6840 | D:9      | Found a runed translucent gate.
  6840 | D:9      | Noticed relicbr's ghost (journeyman SpDe)
  7018 | D:9      | Noticed a two-headed ogre
  7569 | D:9      | Found a staircase to the Orcish Mines.
  7747 | D:10     | Entered Level 10 of the Dungeon
  7789 | D:10     | Noticed Urug
  7801 | D:10     | Noticed Snorg
  7813 | D:10     | Killed Urug
  7825 | D:10     | Killed Snorg
  7826 | D:10     | Noticed a gargoyle
  7985 | D:10     | Found a staircase to the Lair.
  7985 | D:10     | Noticed Maggie
  8198 | D:10     | Killed a gargoyle
  8325 | D:10     | Reached XP level 11. HP: 98/98 MP: 11/11
  8750 | D:10     | Killed Maggie
  8751 | D:10     | Reached skill level 10 in Maces & Flails
  9120 | D:11     | Noticed Fannar
  9154 | D:11     | Killed Fannar
  9178 | D:11     | Noticed a skeletal warrior
  9197 | D:11     | Noticed a skeletal warrior
  9200 | D:11     | HP: 3/100 [skeletal warrior/+0 battleaxe (19)]
  9200 | D:11     | Noticed a skeletal warrior
  9289 | D:11     | Found a shimmering blue altar of Sif Muna.
  9495 | D:11     | Noticed a skeletal warrior
  9781 | D:11     | Noticed a boulder beetle
  9799 | D:11     | Killed a boulder beetle
 10133 | Orc:1    | Entered Level 1 of the Orcish Mines
 10397 | Lair:1   | Entered Level 1 of the Lair of Beasts
 10620 | Lair:1   | Noticed a lindwurm
 10628 | Lair:1   | Killed a lindwurm
 10977 | Lair:1   | Reached XP level 12. HP: 70/110 MP: 12/12
 11402 | Lair:2   | Reached skill level 1 in Throwing
 11458 | Lair:2   | Noticed a seven-headed hydra
 11465 | Lair:2   | Killed a seven-headed hydra
 11570 | Lair:2   | Noticed a boulder beetle
 11582 | Lair:2   | Killed a boulder beetle
 12001 | Lair:2   | Reached skill level 10 in Fighting
 12227 | Lair:2   | You fall into a shaft and drop 1 floor!
 12227 | Lair:3   | Found a hole to the Spider Nest.
 12458 | Lair:3   | Reached XP level 13. HP: 92/121 MP: 13/13
 12917 | Lair:2   | Identified a scroll of acquirement
 12920 | Lair:2   | Acquired the ring of Feucuwif {rElec rF+ rC+ rN+ Will+}
 13389 | Lair:3   | Reached skill level 10 in Shields
 14039 | Lair:3   | Found a staircase to the Swamp.
 14520 | Lair:4   | Bought the +10 plate armour "Oquse" {rCorr Int+3 Slay+3}
                  | for 1341 gold pieces
 15048 | Lair:4   | Reached XP level 14. HP: 134/134 MP: 14/14
 15192 | Lair:5   | Entered Level 5 of the Lair of Beasts
 15206 | Lair:5   | Found a viscous altar of Jiyva.
 15206 | Lair:5   | Found a staircase to the Slime Pits.
 15213 | Lair:5   | Found a frozen archway.
 15221 | IceCv    | Entered an ice cave
 15414 | IceCv    | Identified the staff of earth "Peafast" {*Slow rN+ Str+2}
 15534 | Lair:4   | Upgraded the game from 0.30-a0-1085-g990a428a5c to
                  | 0.30-a0-1103-g25895a7845
 16925 | Lair:5   | Found a large runed translucent door.
 16926 | Lair:5   | Found a large runed translucent door.
 17501 | D:9      | Killed relicbr's ghost
 17626 | Orc:1    | Noticed an orc warlord
 17642 | Orc:1    | Killed an orc warlord
 18068 | Orc:2    | Entered Level 2 of the Orcish Mines
 18218 | Orc:2    | Noticed Sonja
 18223 | Orc:2    | Killed Sonja
 18225 | Orc:2    | Noticed an orc warlord
 18297 | Orc:1    | Reached skill level 15 in Armour
 18630 | Orc:2    | Gained mutation: You have hidden genetic defects. [a
                  | neqoxec]
 19694 | D:12     | Reached XP level 15. HP: 111/145 MP: 15/15
 19701 | D:12     | Gained mutation: Your spells are a little easier to cast,
                  | but a little less powerful. [hidden defects]
 20442 | D:12     | Identified the ring of Reimbursement {Drain rC+ Int+2 SInv
                  | Stlth+}
 20445 | D:12     | Got the Catalogue of Venin and Talus
 20497 | D:13     | Acquired 309 gold pieces
 20505 | D:13     | Bought a scroll of blinking for 285 gold pieces
 20505 | D:13     | Bought a scroll of enchant weapon for 285 gold pieces
 20505 | D:13     | Bought a purple potion for 34 gold pieces
 20795 | D:13     | Lost mutation: Your spells are a little easier to cast, but
                  | a little less powerful. [potion of mutation]
 20795 | D:13     | Lost mutation: You have hidden genetic defects. [potion of
                  | mutation]
 20795 | D:13     | Gained mutation: You have large cloven feet. [potion of
                  | mutation]
 20795 | D:13     | Gained mutation: Your magical capacity is low. (-10% MP)
                  | [potion of mutation]
 20795 | D:13     | Gained mutation: You are robust. (+10% HP) [potion of
                  | mutation]
 20795 | D:13     | Gained mutation: Your tail ends in a venomous barb. [potion
                  | of mutation]
 20795 | D:13     | Gained mutation: You are agile. (Dex +4, Str/Int -1)
                  | [potion of mutation]
 20865 | D:13     | Noticed Lodul
 20873 | D:13     | Killed Lodul
 20882 | D:13     | Found a gate to the Vaults.
 20902 | D:13     | Reached skill level 5 in Evocations
 20962 | D:13     | Acquired 646 gold pieces
 21143 | D:13     | Found a gate leading to a gauntlet.
 22407 | D:14     | Bought a shiny kite shield for 262 gold pieces
 22426 | D:15     | Entered Level 15 of the Dungeon
 22831 | D:15     | Found a staircase to the Depths.
 23771 | Orc:2    | Found Vivijin's Antique Weapon Boutique.
 23795 | Orc:2    | Found Ihaarykoki's Antique Armour Shop.
 23822 | Orc:2    | Found Kiyhust's Book Boutique.
 23963 | Orc:2    | Found Zyrabb's General Store.
 23970 | Orc:2    | Bought a scroll of identify for 34 gold pieces
 23976 | Orc:2    | Found a staircase to the Elven Halls.
 24314 | Elf:1    | Entered Level 1 of the Elven Halls
 24643 | Elf:1    | Reached XP level 16. HP: 159/168 MP: 14/14
 25081 | Elf:1    | Paralysed by an air elemental for 1 turns
 25266 | Elf:1    | Reached skill level 15 in Maces & Flails
 26653 | Elf:2    | Reached skill level 15 in Shields
 26678 | Elf:2    | Found a runed translucent gate.
 26678 | Elf:2    | Found a runed translucent gate.
 26679 | Elf:2    | Found a runed translucent gate.
 27382 | Elf:2    | Reached XP level 17. HP: 167/180 MP: 15/15
 27459 | Elf:2    | Reached skill level 15 in Fighting
 27862 | Elf:3    | Entered Level 3 of the Elven Halls
 28865 | Elf:3    | Noticed a deep elf master archer
 28895 | Elf:3    | Lost mutation: You are agile. (Dex +4, Str/Int -1) [a
                  | cacodemon]
 29003 | Elf:3    | Noticed a deep elf blademaster
 29006 | Elf:3    | Killed a deep elf master archer
 29339 | Elf:2    | Killed a deep elf blademaster
 29360 | Elf:3    | Bought the +8 whip "Snakebite" {venom, curare, rPois} for
                  | 1192 gold pieces
 29360 | Elf:3    | Found the +8 whip "Snakebite" {venom, curare, rPois}
 29364 | Elf:3    | Reached XP level 18. HP: 160/190 MP: 16/16
 29364 | Elf:3    | Reached XP level 19. HP: 166/198 MP: 17/17
 29747 | Elf:3    | Identified the amulet of Piettafi {Faith rC- Dex+5}
 29828 | Elf:3    | Identified the +2 great sword "Sojail" {speed, Str+3 Int+6}
 30271 | Elf:3    | Identified the +3 hand axe "Oqoomeo" {heavy, *Corrode Drain
                  | rN+++ Str+9}
 30273 | Elf:3    | Got the Catalogue of Shivering Bruises
 30278 | Elf:3    | Got the Octavo of the Poisonous Congregation
 30337 | Elf:3    | Found the +3 salamander hide armour {Flames, rFlCloud rF++
                  | rC--}
 30340 | Elf:3    | Identified the staff of fire "Hubaduf" {rF+ Str+4 Int+4}
 30348 | Elf:3    | Identified the staff of fire "Ufashrodgh" {*Corrode rF+
                  | Int+2 Dex+3}
 30358 | Elf:3    | Identified the staff of death "Baodukh" {rElec rPois rF+
                  | rN+ Stlth+}
 30366 | Elf:3    | Got Sif Muna's Folio of Beckoning
 30792 | Swamp:1  | Entered Level 1 of the Swamp
 30879 | Swamp:1  | Noticed Donald
 30893 | Swamp:1  | Killed Donald
 30939 | Swamp:1  | Identified Roxanne's Elucidation of the Body
 30939 | Swamp:1  | Noticed Roxanne
 30962 | Swamp:1  | Killed Roxanne
 31110 | Swamp:1  | Noticed Jorgrun
 31239 | Swamp:1  | Killed Jorgrun
 32581 | Swamp:3  | Reached XP level 20. HP: 189/212 MP: 18/18
 32585 | Swamp:3  | Noticed Aizul
 32607 | Swamp:3  | Killed Aizul
 33277 | Swamp:4  | Entered Level 4 of the Swamp
 34620 | Swamp:4  | Acquired 843 gold pieces
 34652 | Swamp:4  | Noticed a bone dragon
 34666 | Swamp:4  | Killed a bone dragon
 34677 | Swamp:4  | Got a decaying rune of Zot
 35176 | Spider:1 | Entered Level 1 of the Spider Nest
 35426 | Spider:1 | You fall into a shaft and drop 1 floor!
 35601 | Spider:2 | Got Cyaval's Precepts of Numb Corruption
 36700 | Spider:3 | Noticed Arachne
 36736 | Spider:3 | Killed Arachne
 37889 | Spider:4 | Entered Level 4 of the Spider Nest
 37896 | Spider:4 | Noticed Louise
 37897 | Spider:4 | Noticed Bai Suzhen
 37916 | Spider:4 | Killed Louise
 37942 | Spider:4 | Killed Bai Suzhen
 38989 | Spider:4 | Got a gossamer rune of Zot
 39191 | Spider:1 | Reached XP level 21. HP: 226/226 MP: 18/18
 39267 | Lair:3   | Bought the amulet of the Equinox {Reflect rC+ Str+3 SH+5}
                  | for 704 gold pieces
 39456 | Vaults:1 | Entered Level 1 of the Vaults
 40030 | Vaults:1 | Noticed Asterion
 40063 | Vaults:1 | Killed Asterion
 40392 | Vaults:1 | Identified the +2 robe "Guecvadgh" {-Tele rElec rC- SInv}
 40408 | Vaults:1 | Noticed Nikola
 40415 | Vaults:1 | Identified the ring of Sif Muna's Generosity {Will+ Str+6}
 40418 | Vaults:1 | Identified the +0 chain mail of Chill Winds {Dex+3}
 40419 | Vaults:1 | Killed Nikola
 40940 | Vaults:1 | Identified the +2 robe of Lies {-Cast rElec rN++ Str+3}
 41502 | Vaults:1 | Reached skill level 1 in Dodging
 43893 | Vaults:2 | Reached XP level 22. HP: 241/241 MP: 19/19
 44098 | Vaults:2 | Found a portal to a secret trove of treasure.
 44130 | Vaults:2 | You paid a toll of 6 scrolls of fog to enter a treasure
                  | trove
 44131 | Trove    | Entered a treasure trove
 44144 | Trove    | Identified the +2 helmet of Absence {rC++ rN++ Dex-2}
 44166 | Trove    | Identified the +1 helmet of Mutualism {Fly Str-4 Int+3
                  | Dex+2}
 44172 | Trove    | Identified the +6 barding "Viumaj" {rElec rF- Str+6 Dex+2}
 44199 | Trove    | Identified the +5 scale mail of the Maze {rF- rN+ Int+3}
 44234 | Vaults:2 | Upgraded the game from 0.30-a0-1103-g25895a7845 to
                  | 0.30-a0-1114-gd936c97349
 44614 | Vaults:2 | Found a staircase to the Crypt.
 44614 | Vaults:2 | Found an ancient bone altar of Kikubaaqudgha.
 44614 | Vaults:2 | Found a basalt altar of Yredelemnul.
 45278 | Vaults:3 | Noticed Jory
 45293 | Vaults:3 | Killed Jory
 46815 | Vaults:4 | Found a transporter.
 46829 | Vaults:4 | Found a transporter.
 47619 | Vaults:4 | Found Westet's Distillery.
 47626 | Vaults:4 | Bought a potion of heal wounds for 90 gold pieces
 47626 | Vaults:4 | Bought a potion of heal wounds for 90 gold pieces
 47626 | Vaults:4 | Bought a potion of curing for 54 gold pieces
 47626 | Vaults:4 | Bought a potion of might for 72 gold pieces
 47777 | Vaults:5 | Entered Level 5 of the Vaults
 47799 | Vaults:5 | Noticed a dread lich
 48163 | Vaults:5 | Identified the +9 broad axe of Guilt {drain, Str+3}
 48199 | Vaults:5 | Identified the +7 dagger "Esyidu" {drain, Fly rElec rF+}
 48531 | Vaults:5 | Killed a dread lich
 48618 | Vaults:5 | Noticed a dread lich
 48637 | Vaults:5 | Killed a dread lich
 48638 | Vaults:5 | Reached XP level 23. HP: 141/253 MP: 20/20
 48660 | Vaults:5 | Identified the ring of Yleteahi {*Slow Fly Will++ Str+4
                  | SInv}
 48696 | Vaults:5 | Identified the +11 broad axe of the Decaying God {flame,
                  | Str+2}
 48708 | Vaults:5 | Identified the +8 hand crossbow of Doom {penet, Fly rCorr
                  | Str+3 Int-4}
 49350 | Vaults:5 | Got the Book of Shocking Mortification
 49421 | Vaults:5 | Identified the staff of conjuration "Ugreffaj" {+Blink
                  | Int+3}
 49566 | Vaults:5 | Identified the staff of conjuration "Wudea" {Fly Stlth+}
 49571 | Vaults:5 | Identified the staff of conjuration "Toakimom" {rCorr}
 50310 | Vaults:5 | Got a silver rune of Zot
 50413 | Vaults:5 | Noticed a dread lich
 50445 | Vaults:5 | Killed a dread lich
 50809 | Depths:1 | Entered Level 1 of the Depths
 51384 | Depths:1 | Found the dreamshard necklace {*Dream Drain}
 51633 | Depths:1 | Found Ticw's Book Emporium.
 51644 | Depths:1 | Found Giggi's Book Emporium.
 51644 | Depths:1 | Found Sits's Jewellery Shop.
 52106 | Depths:2 | Noticed a juggernaut
 52269 | Depths:2 | Killed a juggernaut
 52283 | Depths:2 | Noticed Sojobo
 52608 | Depths:2 | Killed Sojobo
 53102 | Depths:2 | Reached XP level 24. HP: 245/266 MP: 20/20
 53136 | Depths:2 | You fall into a shaft and drop 1 floor!
 53146 | Depths:3 | Noticed a juggernaut
 53172 | Depths:3 | HP: 9/266 [living spell/divine providence[a walking divine
                  | tome] (13)]
 53172 | Depths:3 | HP: 1/266 [living spell/divine providence[a walking divine
                  | tome] (8)]
 53630 | Depths:2 | Found a one-way gateway to a ziggurat.
 53714 | Depths:2 | Found a basalt altar of Yredelemnul.
 53715 | Depths:2 | Found a shimmering altar of Xom.
 53715 | Depths:2 | Found a shimmering altar of Xom.
 53718 | Depths:2 | Found a shimmering altar of Xom.
 53718 | Depths:2 | Found a snail-covered altar of Cheibriados.
 53718 | Depths:2 | Found a radiant altar of Vehumet.
 53950 | Depths:2 | Identified the ring of Zoemp {Fly Str+4}
 53980 | Depths:2 | Found a transporter.
 53984 | Depths:2 | Found a shimmering blue altar of Sif Muna.
 54355 | Depths:2 | Found a gateway to Hell.
 54491 | Depths:2 | Found a one-way gate leading to the halls of Pandemonium.
 54610 | Hell     | Entered the Vestibule of Hell
 54610 | Hell     | Noticed Geryon
 55112 | Depths:3 | Paralysed by a floating eye for 3 turns
 55578 | Depths:3 | Got Sif Muna's Discourse on the Flinty Zephyr
 55780 | Depths:3 | Bought a ring of Kuqaill {rN+ rCorr Dex+3} for 412 gold
                  | pieces
 56198 | Depths:3 | Found a one-way gate to the infinite horrors of the Abyss.
 56228 | Depths:3 | Killed a juggernaut
 56387 | Depths:3 | Found a glowing silver altar of Zin.
 56815 | Depths:4 | Entered Level 4 of the Depths
 56831 | Depths:4 | Found a radiant altar of Vehumet.
 57441 | Depths:4 | Found a gate to the Realm of Zot.
 57934 | Depths:2 | Found a transporter.
 57948 | Depths:2 | Identified a ring of Symmetry {rCorr Str+2}
 58013 | Depths:3 | Voluntarily entered the Abyss.
 58016 | Abyss:1  | Found a corrupted altar of Lugonu.
 58337 | Abyss:1  | Noticed an ancient lich
 58346 | Abyss:1  | Killed an ancient lich
 58432 | Abyss:1  | Found a corrupted altar of Lugonu.
 58439 | Abyss:1  | Found a corrupted altar of Lugonu.
 58439 | Abyss:1  | Found a corrupted altar of Lugonu.
 58810 | Abyss:3  | Got an abyssal rune of Zot
 58822 | Abyss:3  | Reached XP level 25. HP: 277/277 MP: 20/20
 58863 | Abyss:3  | Gained mutation: You sometimes lose your temper in combat.
                  | [a neqoxec]
 58870 | Depths:3 | Escaped the Abyss
 59043 | Depths:4 | Noticed Vv
 59069 | Depths:4 | Killed Vv
 59093 | Zot:1    | Entered Level 1 of the Realm of Zot
 59410 | Zot:1    | Found the +12 glaive of Prune {freeze, Prune}
 59496 | Zot:1    | Noticed an orb of fire
 59496 | Zot:1    | Gained mutation: Your body sometimes deteriorates upon
                  | taking damage. [an orb of fire]
 59501 | Zot:1    | Gained mutation: Your body often deteriorates upon taking
                  | damage. [an orb of fire]
 59509 | Zot:1    | Gained mutation: You occasionally lose the ability to read
                  | scrolls when taking damage. [an orb of fire]
 59513 | Zot:1    | Killed an orb of fire
 59526 | Zot:1    | Reached skill level 27 in Shields
 59645 | Zot:1    | Noticed an orb of fire
 59671 | Zot:1    | Killed an orb of fire
 61215 | D:14     | Bought the +6 lightning scales {swift, rElec} for 2345 gold
                  | pieces
 61215 | D:14     | Found the +6 lightning scales {swift, rElec}
 61433 | Slime:1  | Entered Level 1 of the Pits of Slime
 61732 | Slime:5  | Entered Level 5 of the Pits of Slime
 62136 | Slime:5  | Noticed the Royal Jelly
 62154 | Slime:5  | Killed the Royal Jelly
 62174 | Slime:5  | Found the ring of the Tortoise {AC+8}
 62219 | Slime:5  | Identified the ring of Uqewanne {rPois rC+ rN+ Str+4}
 62234 | Slime:5  | Identified the ring "Roserrob" {Str+6 Dex+3}
 62276 | Slime:5  | Got a slimy rune of Zot
 62399 | Slime:5  | Identified the staff of death "Quetad" {Drain rN+ MP+9
                  | Int+4}
 62610 | Slime:5  | Gained mutation: You are clumsy. (Dex -2) [a shining eye]
 62614 | Slime:5  | Gained mutation: Your tail ends in a sharp venomous barb.
                  | [a shining eye]
 63628 | Lair:5   | Upgraded the game from 0.30-a0-1114-gd936c97349 to
                  | 0.30-a0-1123-gabc949cf19
 64761 | Zot:2    | Identified the +11 shortbow of Tochyisa {speed, rN+ Will++
                  | Int-4}
 65688 | Zot:4    | Reached XP level 26. HP: 291/291 MP: 20/20
 65743 | Zot:4    | Reached skill level 27 in Armour
 66005 | Zot:4    | Identified the +1 leather armour of Xuagyon {Dex+3}
 66121 | Zot:4    | Reached skill level 5 in Dodging
 67280 | Zot:5    | Entered Level 5 of the Realm of Zot
 69476 | Depths:4 | Paralysed by a wendigo for 1 turns
 69596 | Hell     | Noticed Murray
 69769 | Hell     | Killed Murray
 70170 | Hell     | Killed Geryon
 70386 | Hell     | Found a gateway to the ashen valley of Gehenna.
 70612 | Hell     | Found a gateway to the decaying netherworld of Tartarus.
 70665 | Hell     | Found a gateway to the freezing wastes of Cocytus.
 70711 | Hell     | Found a gateway to the Iron City of Dis.
 70913 | Coc:1    | Entered Level 1 of Cocytus
 71800 | Coc:3    | You fall into a shaft and drop 3 floors!
 71819 | Coc:6    | HP: 11/237 [??? (2)]
 71819 | Coc:6    | Slain by a titan simulacrum

Illustrated notes

Levels and vault maps discovered:
D:1:      saegor_arrival_simple_d, layout_loops_ring,
          hellmonk_ecumenical_altar_pennies_from_heaven, nrook_mini_backslash,
          minmay_misc_feat_enclosed
D:2:      layout_rooms, minmay_tetromino_t2
D:3:      minmay_razor_zed, layout_loops_cross, mainiacjoe_overflow_chevrons
D:4:      layout_rooms, grunt_dithmenos_smoke, minmay_temple_entry_offerings,
          serial_shops, shop_fountains
D:5:      kennysheep_spiral_hall, layout_cave_pools, dancing_weapons_uskayaw,
          serial_demonic, serial_demonic_c, serial_demonic_e, serial_demonic_e,
          serial_demonic_d, serial_demonic_d, serial_demonic_a,
          serial_demonic_a, chequers_serial_rivers_micro_e
D:6:      layout_basic, gammafunk_temple_overflow_wave,
          ebering_dispersal_statue_hall
D:7:      layout_loops_cross, minmay_misc_feat_square
D:8:      layout_basic, okawaru_metal_pillars_1_2, serial_shops, shop,
          hellmonk_bongcloud_opening, minmay_door_square
D:9:      layout_irregular_city, david_orc_4, ebering_ghost_rock_garden,
          hangedman_decor_peaks_small
D:10:     layout_gridville, due_lair_maze_entry_diamond, uniq_urug, uniq_maggie,
          uniq_snorg
D:11:     layout_loops_ring, led_sif_book, uniq_fannar
D:12:     minmay_shrinking_squares, layout_loops_ring
D:13:     layout_roguey, lightli_vaults_fourway_checkpoint,
          gauntlet_entry_generic, uniq_lodul
D:14:     layout_loops_corners
D:15:     hangedman_depths_entry_try_elsewhere_first, layout_stronghold,
          chequers_serial_rivers_micro_d
Temple:   lightli_temple_of_artemis
Lair:1:   layout_hall_layers, lemuel_fruit_fields, serial_bayou_shore_a
Lair:2:   layout_small_grid, grunt_megastairs_1
Lair:3:   layout_chaotic_city, nicolae_swamp_entry_splash_gauntlet,
          hellmonk_spider_entry_not_the_bees, st_stairs_5,
          hangedman_lair_generics_rect, grunt_megastairs_4, serial_bayou_shore_b
Lair:4:   layout_loops_ring, grunt_megastairs_3
Lair:5:   cheibrodos_lair_end_hotspot, layout_cave_pods, slime_entry_1,
          portal_ice_cave_entry_pillars_1, serial_bayou_shore_b
Swamp:1:  layout_basic_swamp, evilmike_swamp_ruin_house_3, uniq_donald,
          uniq_jorgrun, uniq_roxanne
Swamp:2:  layout_basic_swamp, evilmike_swamp_ruin_house_1
Swamp:3:  layout_basic_swamp, hangedman_swamp_cone, swamp_pool3,
          nicolae_swamp_some_circles, infiniplex_staircase_pool, uniq_aizul
Swamp:4:  swamp_pestilence, layout_basic_swamp, hangedman_swamp_pad
Spider:1: layout_spider_delve, hangedman_spider_tarantella_strand
Spider:2: layout_spider_delve
Spider:3: spiders_nest_scorpion_pit, drop_trap, uniq_arachne
Spider:4: spider_rune_water, uniq_bai_suzhen, uniq_louise
Slime:1:  layout_caves
Slime:2:  layout_caves
Slime:3:  layout_caves, nicolae_slime_barrier
Slime:4:  layout_caves
Slime:5
Orc:1:    layout_caves
Orc:2:    grunt_orc_gardens, layout_caves, grunt_orc_garden, grunt_orc_garden,
          grunt_orc_garden, grunt_orc_garden, nicolae_orc_rockfall, uniq_sonja
Elf:1:    layout_gridlike, hangedman_corner_corridor
Elf:2:    nicolae_elf_blades_splatter_lattice [nicolae_blade_entry_pointy_end],
          layout_rooms
Elf:3:    minmay_elf_hall_quartered_circle, layout_loops_cross
Vaults:1: st_greater_box_2, vaults_dpeg_diagonal, hangedman_vaults_nodes,
          ontoclasm_vaults_eye, nicolae_vaults_little_squares_2,
          hangedman_vaults_corner_blocks, nicolae_vaults_specimen_jars,
          nicolae_vaults_sealed_display, layout_vaults_chaotic_city,
          uniq_nikola, uniq_asterion
Vaults:2: nicolae_vaults_asterisk, nicolae_vaults_little_squares_6, v_misc_2,
          minmay_crypt_entry_necro_gods, ontoclasm_vaults_shuriken,
          nicolae_vaults_border_crossing, serial_ice_g, layout_vaults_omnigrid,
          nicolae_trove_entry_free_sample
Vaults:3: nicolae_vaults_shelves_hall, v_misc_14, hangedman_vaults_maws,
          nicolae_vaults_rhombus_5, vaults_dpeg_hooks, v_misc_12,
          nicolae_vaults_triangles, vaults_dpeg_ring, v_rooms_2,
          nicolae_vaults_little_squares_3, vaults_dpeg_encased_lava,
          layout_vaults_ring, uniq_jory
Vaults:4: nicolae_vaults_little_squares_4, nicolae_vaults_network_periphery,
          hangedman_vaults_stagger, grunt_vaults_trifunnel, v_misc_32,
          vaults_room_door_ring, ontoclasm_vaults_ring_square,
          gammafunk_sealed_arena, v_misc_25, v_misc_29, vaults_room_large_hall,
          vaults_room_fours, v_misc_15, v_misc_15, layout_vaults_omnibox,
          serial_shops, shop
Vaults:5
Depths:1: layout_cave_shapes, nicolae_qazlal_style_of_elements, hellmouth_2,
          hex_medium, serial_sigils_hangedman_scratch, serial_bayou_lagoon_a,
          lemuel_statue_altar, dreamdust_looks_like_rain, minmay_shop_grove
Depths:2: gammafunk_sealed_library, layout_gridlike, enter_ziggurat_d,
          rand_demon_pan_entry_4, doesnt_xom_only_xom,
          grunt_hell_entry_dis_grunt, evilmike_ambush
          [evilmike_ambush_outer_basic, evilmike_ambush_inner_wall_1],
          minmay_staircase_statues, uniq_sojobo
Depths:3: grunt_x_marks_the_spot, layout_cave_shapes,
          nicolae_figureground_pulse, minmay_room_of_horrors,
          hangedman_coc_ice_floe, zin_angel, minmay_staircase_bubble
Depths:4: grunt_zot_entry_pinwheel, layout_cave_pools,
          nicolae_vehumet_altar_sigil, hell_entry, minmay_evil_grid, uniq_vv
Hell
Coc:1:    layout_cocytus_delve
Coc:2:    layout_ice_bergs
Coc:3:    layout_cocytus_delve
Coc:6:    layout_ice_bergs
Zot:1:    layout_onion
Zot:2:    layout_onion_interference, hangedman_zot_diagonal_lockstep
Zot:3:    layout_basic, lemuel_elevator
Zot:4:    layout_concentric_octagons, bh_zot_ikea_curve
Zot:5:    layout_cellular_growth

Skill      XL: |  1  2  3  4  5  6  7  8  9 10 11 12 13 14 15 16 17 18 19 20 21 22 23 24 25 26 |
---------------+-------------------------------------------------------------------------------+-----
Maces & Flails | 2 3 4 5 7 8 9 11 12 13 14 15 16 17 18 19 21 22 | 22.2
Armour         | 4 5 6 8 9 11 12 13 15 17 18 19 21 22 23 24 26 27 | 27.0
Fighting       | 3 4 5 6 7 8 10 12 13 14 15 16 18 19 20 21 22 24 | 24.3
Shields        | 4 5 6 8 9 11 12 13 15 16 17 19 21 23 25 26 27 | 27.0
Evocations     | 1 2 3 4 5 6 7 8 |  8.1
Throwing       | 1 |  1.1
Dodging        | 1 2 3 4 6 |  6.6

Action                     |  1- 3 |  4- 6 |  7- 9 | 10-12 | 13-15 | 16-18 | 19-21 | 22-24 | 25-27 || total
---------------------------+-------+-------+-------+-------+-------+-------+-------+-------+-------++-------
  Melee: Flail             |   111 |       |       |       |       |       |       |       |       ||   111
         Tailslap          |    12 |     3 |    33 |   103 |   281 |    89 |   530 |   636 |   338 ||  2025
         Whip              |     9 |    64 |   265 |   615 |  1343 |   515 |  2136 |  2416 |  1297 ||  8660
         Kick              |       |       |       |       |   141 |   185 |  1050 |  1364 |   739 ||  3479
  Throw: Throwing net      |       |       |     2 |     3 |       |       |       |       |       ||     5
 Invoke: Potion Petition   |       |       |       |     1 |       |       |       |       |     3 ||     4
         Call Merchant     |       |       |       |       |     5 |     1 |     2 |     4 |       ||    12
  Evoke: Wand              |       |     3 |     6 |    14 |    18 |    12 |       |     6 |     2 ||    61
         Lightning rod     |       |       |       |       |     6 |     6 |       |     4 |       ||    16
         Condenser vane    |       |       |       |       |     3 |     2 |     4 |     5 |       ||    14
         Box of beasts     |       |       |       |       |     1 |     1 |     4 |     4 |       ||    10
    Use: Scroll            |       |     7 |     1 |    14 |    20 |     2 |     2 |     8 |       ||    54
         Potion            |       |       |       |    11 |     5 |     1 |     1 |    13 |       ||    31
   Stab: Distracted        |       |       |     2 |     5 |     8 |     3 |    14 |     6 |     3 ||    41
         Invisible         |       |       |       |     3 |       |       |       |       |       ||     3
         Confused          |       |       |       |       |     2 |       |       |       |       ||     2
 Armour: Scale mail        |    80 |    22 |    70 |    37 |       |       |       |       |       ||   209
         Acid dragon scale |       |       |       |   123 |    68 |       |       |       |       ||   191
         Plate armour      |       |       |       |       |   461 |   158 |  1196 |   883 |   645 ||  3343
         Skin              |       |       |       |       |     8 |       |       |       |       ||     8
  Dodge: Dodged            |    47 |    10 |    58 |   130 |   214 |    46 |   322 |   211 |   154 ||  1192
  Block: Buckler           |    31 |     9 |    32 |   115 |   249 |       |       |       |       ||   436
         Kite shield       |       |       |       |       |    61 |   267 |  1242 |  1247 |   591 ||  3408
         Reflection        |       |       |       |       |     2 |    33 |    48 |    41 |       ||   124

Table legend: (Time is in decaauts)
 A = Elapsed time spent in this place.
 B = Non-inter-level travel time spent in this place.
 C = Inter-level travel time spent in this place.
 D = Time resting spent in this place.
 E = Time spent auto-exploring this place.
 F = Levels seen in this place.
 G = Mean time per level.
                   A        B        C        D        E       F      G
               +--------+--------+--------+--------+--------+-----+--------+
         Total |  68348 |  63226 |   5122 |  15451 |  34547 |  63 | 1084.9 |
       Dungeon |  15785 |  14015 |   1770 |   2127 |   9222 |  15 | 1052.3 |
        Temple |     40 |     20 |     20 |      0 |      0 |   1 |   40.0 |
          Lair |   7086 |   6241 |    845 |    997 |   3785 |   5 | 1417.2 |
         Swamp |   3994 |   3877 |    117 |    673 |   2468 |   4 |  998.5 |
   Spider Nest |   3792 |   3567 |    225 |    610 |   2090 |   4 |  948.0 |
    Slime Pits |   1931 |   1841 |     90 |    829 |    510 |   5 |  386.2 |
  Orcish Mines |   1872 |   1708 |    164 |    371 |    868 |   2 |  936.0 |
   Elven Halls |   5997 |   5749 |    248 |   2248 |   2439 |   3 | 1999.0 |
        Vaults |  10401 |   9651 |    750 |   1033 |   6756 |   5 | 2080.2 |
        Depths |   8540 |   7935 |    605 |   2750 |   3659 |   4 | 2135.0 |
          Hell |    721 |    699 |     22 |    157 |    373 |   1 |  721.0 |
       Cocytus |    833 |    833 |      0 |    432 |    192 |   4 |  208.2 |
           Zot |   6259 |   5999 |    260 |   3059 |   2031 |   5 | 1251.8 |
         Abyss |    776 |    776 |      0 |    132 |    152 |   3 |  258.7 |
         Trove |     98 |     98 |      0 |      0 |      0 |   1 |   98.0 |
      Ice Cave |    216 |    216 |      0 |     29 |      0 |   1 |  216.0 |
               +--------+--------+--------+--------+--------+-----+--------+

Top non-repeatable levels by time:
Vaults:1: 3112 daAuts
   Elf:2: 2474 daAuts
Vaults:5: 2457 daAuts
Depths:2: 2332 daAuts
Depths:4: 2290 daAuts
   Elf:3: 2087 daAuts
   Zot:1: 2070 daAuts
  Lair:5: 2030 daAuts
Depths:1: 2026 daAuts
Vaults:2: 1910 daAuts
Depths:3: 1890 daAuts
   Zot:4: 1845 daAuts
     D:9: 1750 daAuts
Vaults:4: 1737 daAuts
 Swamp:4: 1637 daAuts
